 Dungeon Crawl Stone Soup version 0.18.1-6-gd335043 (webtiles) character file.

835 Gargoyl the Covered (level 7, -1/55 HPs)
             Began as a Demonspawn Abyssal Knight on May 16, 2016.
             Was a Priest of Lugonu.
             Killed by divine providence
             ... invoked by an orc priest
              (10 damage)
             ... on level 6 of the Dungeon.
             The game lasted 00:11:29 (6105 turns).

Gargoyl the Covered (Demonspawn Abyssal Knight)     Turns: 6105, Time: 00:11:30

Health: -1/55      AC: 17    Str: 14    XL:     7   Next: 66%
Magic:  8/8        EV:  4    Int: 17    God:    Lugonu [***...]
Gold:   190        SH:  0    Dex: 13    Spells: 0 memorised, 6 levels left

rFire  . . .     SeeInvis .     a - +2 hand axe
rCold  . . .     Gourm    .     g - +0 plate armour
rNeg   . . .     Faith    .     (no shield)
rPois  +         Spirit   .     z - +0 helmet
rElec  .         Dismiss  .     y - +0 cloak
rCorr  .         Reflect  .     (no gloves)
SustAt .         Harm     .     (no boots)
MR     .....                    (no amulet)
Stlth  ..........               f - +4 ring of intelligence
                                p - ring of poison resistance

@: not resistant to hostile enchantments, extremely unstealthy
A: molten scales 2
a: Depart the Abyss, Bend Space, Banish, Renounce Religion


You were on level 6 of the Dungeon.
You worshipped Lugonu.
Lugonu was most pleased with you.
You were very hungry.

You visited 1 branch of the dungeon, and saw 6 of its levels.
You visited the Abyss 1 time.

You collected 190 gold pieces.

Inventory:

Hand Weapons
 a - a +2 hand axe (weapon)
 k - a +0 flail
Missiles
 s - 3 tomahawks (quivered)
Armour
 g - a +0 plate armour (worn)
 y - a +0 cloak (worn)
 z - a +0 helmet (worn)
Jewellery
 f - a +4 ring of intelligence (right hand)
 p - a ring of poison resistance (left hand)
Wands
 q - a wand of iceblast (15/15)
 t - a wand of paralysis (9/24)
Scrolls
 b - 3 scrolls of identify
 i - 2 scrolls of remove curse
 n - a scroll of enchant weapon
Potions
 e - a potion of resistance {unknown}
 l - a potion of degeneration {unknown}
 m - a potion of flight {unknown}
 o - 2 potions of might
 v - a potion of heal wounds {unknown}
Books
 r - a Grand Grimoire

   Spells                             Type                      Level
   a - Monstrous Menagerie            Summoning                    7
   b - Summon Greater Demon           Summoning                    7
   c - Malign Gateway                 Summoning/Translocation      7
   d - Summon Horrible Things         Summoning                    8
Comestibles
 c - 2 bread rations
 j - 2 beef jerkies
 u - a meat ration


   Skills:
 + Level 4.5 Fighting
 + Level 3.6 Axes
 * Level 5.4 Armour
 + Level 3.6 Dodging
 + Level 0.2 Stealth
 + Level 2.6 Invocations


You had 6 spell levels left.
You didn't know any spells.

Dungeon Overview and Level Annotations

Branches:
Dungeon (6/15)
 Temple: D:4-7

Altars:
Cheibriados
Fedhas
Makhleb
Nemelex Xobeh
Qazlal

Annotations:
D:4 P0WERM0DE's ghost, amateur DsSk


Innate Abilities, Weirdness & Mutations

You are mostly covered in molten scales (AC +3, EV -1).


Message History

You hit something.
Your plate armour prevents you from hitting something.
You hit the orc wizard.
The orc wizard is moderately wounded.
You hit the orc priest.
The orc priest is heavily wounded.
You hear some strange, mumbled words.
A puff of flame appears from out of thin air!
The puff of flame hits you!
* * * LOW HITPOINT WARNING * * *
The orc priest miscasts a cantrip.
Something hits you but does no damage.
You hear some strange, mumbled words.
A puff of flame appears from out of thin air!
The puff of flame hits you!
* * * LOW HITPOINT WARNING * * *
The orc hits you but does no damage.
The orc priest mumbles some strange prayers to Beogh against you.
Beogh smites you!
You die...

#......#
#......#####+##
#......#......#
#......#......#
#..... #......#
##...# #......#
#?..o#+#......######
##.oo{........'<..(#
#..o@{........####.#
#.....$.#######
..............#
.###.########.# #. #
#.


You could see an orc priest, an orc wizard and 2 orcs.

Vanquished Creatures
  An ogre (D:5)
  A centaur (D:5)
  A scorpion (D:5)
  A howler monkey (D:3)
  A centaur zombie (D:5)
  A crimson imp (D:5)
  2 hounds
  An orc wizard (D:5)
  Crazy Yiuf (D:3)
  4 iguanas
  2 worker ants (D:5)
  Ijyb (D:3)
  A hound skeleton (D:5)
  8 adders
  4 gnolls (D:2)
  A howler monkey skeleton (D:5)
  A worm (D:2)
  A dart slug (D:5)
  3 giant geckos (D:2)
  8 orcs
  A ball python (D:1)
  4 giant cockroaches
  7 goblins
  5 hobgoblins
  4 jackals (D:5)
  9 kobolds
  5 quokkas
  6 bats
  4 giant newts
  7 rats
96 creatures vanquished.

Vanquished Creatures (others)
  2 bushes (D:2)
2 creatures vanquished.

Grand Total: 98 creatures vanquished

Notes
Turn   | Place    | Note
--------------------------------------------------------------
     0 | Abyss:1  | Gargoyl the Demonspawn Abyssal Knight began the quest for the Orb.
     0 | Abyss:1  | Reached XP level 1. HP: 18/18 MP: 2/2
   129 | Abyss:1  | Noticed a quasit
   144 | Abyss:1  | Noticed a tentacled starspawn
   153 | Abyss:1  | Noticed a flying skull
   191 | Abyss:1  | Found a corrupted altar of Lugonu.
   259 | Abyss:2  | Found an iron altar of Okawaru.
   260 | Abyss:2  | Noticed a wraith
   279 | Abyss:2  | Noticed an ancient zyme
   279 | D:1      | Escaped the Abyss
   471 | D:1      | Reached skill level 2 in Armour
   640 | D:1      | Gained mutation: You are partially covered in molten scales (AC +1). [demonic ancestry]
   640 | D:1      | Reached XP level 2. HP: 24/24 MP: 3/3
   683 | D:1      | Reached * piety under Lugonu
  1003 | D:2      | Reached skill level 1 in Dodging
  1025 | D:2      | Reached XP level 3. HP: 18/29 MP: 4/4
  1733 | D:2      | Reached XP level 4. HP: 7/37 MP: 5/5
  2154 | D:2      | Reached skill level 3 in Armour
  2880 | D:3      | Noticed Ijyb
  2900 | D:3      | Killed Ijyb
  2900 | D:3      | Gained mutation: You are mostly covered in molten scales (AC +3, EV -1). [demonic ancestry]
  2900 | D:3      | Reached XP level 5. HP: 35/42 MP: 6/6
  3328 | D:3      | Reached ** piety under Lugonu
  3340 | D:3      | Noticed Crazy Yiuf
  3356 | D:3      | Killed Crazy Yiuf
  3571 | D:3      | Found a snail-covered altar of Cheibriados.
  3572 | D:3      | Found a blossoming altar of Fedhas.
  3572 | D:3      | Found a burning altar of Makhleb.
  3572 | D:3      | Found a sparkling altar of Nemelex Xobeh.
  3574 | D:3      | Found a stormy altar of Qazlal.
  3836 | D:4      | Noticed P0WERM0DE's ghost (amateur DsSk)
  3963 | D:4      | Reached skill level 4 in Armour
  4010 | D:5      | Entered Level 5 of the Dungeon
  4022 | D:5      | Reached XP level 6. HP: 48/48 MP: 7/7
  5032 | D:5      | Reached XP level 7. HP: 54/54 MP: 8/8
  5251 | D:5      | Reached skill level 5 in Armour
  5418 | D:5      | Reached *** piety under Lugonu
  6105 | D:6      | Killed from afar by an orc priest

Skill      XL: |  1  2  3  4  5  6  7 |
---------------+----------------------+-----
Armour         | 2 3 4 5 |  5.4
Axes           | 2 3 |  3.6
Dodging        | 1 2 3 |  3.6
Fighting       | 4 |  4.5
Stealth        | |  0.2
Invocations    | |  2.6

Action                   |  1- 3 |  4- 6 |  7- 9 || total
-------------------------+-------+-------+-------++-------
Melee: Hand axe          |   137 |   292 |    86 ||   515
Throw: Tomahawk          |       |     5 |     2 ||     7
Invok: Depart the Abyss  |     1 |       |       ||     1
       Bend Space        |       |     2 |       ||     2
  Use: Potion            |       |     2 |     2 ||     4
       Scroll            |       |     7 |       ||     7
  Eat: Chunk             |     2 |    10 |     3 ||    15
       Pizza             |       |     1 |       ||     1
Armor: Scale mail        |    86 |   239 |    55 ||   380
       Plate armour      |       |       |    47 ||    47
       Skin              |       |       |    11 ||    11
Dodge: Dodged            |    82 |   199 |    48 ||   329
